AoeStats
← Scar

Arena

510334775Analyzed
4v4 RM · 23h ago on Sep 30, 2026· 43m 8s· 8 players
Game mode
Random Map
Map size
Large (8 player)
Population
200
Speed
Normal
Resources
Standard
Victory
Conquest
Starting age
Dark Age
Ending age
Imperial Age
RankedLock teamsTeams togetherTeam positionsShared explorationLock speedFull tech treeHidden civsTurbo modeCheats
Victory
Defeat
🇩🇪 Berbers · Germany
1224
+15
🇷🇴 Slavs · Romania
1211
+16
🇦🇷 Armenians · Argentina
1156
+18
🇬🇧 Teutons · United Kingdom
1139
+18
🇨🇳 Koreans · China
1236
-18
🇹🇼 Bulgarians · Taiwan
1198
-17
1190
-16
🇺🇸 Khmer · United States
1173
-16
petey_hs
11:22 Feudal Age
14:27 Castle Age
12:44 Double-Bit Axe
13:12 Horse Collar
22:41 Wheelbarrow
21:52 Loom
22:12 Town Watch
27:52 Imperial Age
26:10 Fletching
26:10 Light Cavalry
26:15 Pikeman
27:02 Scale Mail Armor
27:27 Bow Saw
27:24 Heavy Plow
27:37 Gold Mining
27:54 Bodkin Arrow
28:10 Forging
27:51 Stone Mining
29:03 Gold Shaft Mining
29:13 Conscription
28:59 Padded Archer Armor
29:23 Ballistics
28:47 Capped Ram
30:59 Bloodlines
30:59 Scale Barding Armor
32:05 Bracer
31:52 Hussar
33:46 Chemistry
33:09 Husbandry
33:34 Leather Archer Armor
33:30 Elite Skirmisher
34:38 Murder Holes
34:10 Imperial Skirmisher
asd40130069
1:06 Loom
10:14 Feudal Age
13:58 Castle Age
12:03 Double-Bit Axe
16:05 Wheelbarrow
20:27 Horse Collar
21:52 Bow Saw
22:17 Heavy Plow
24:37 Hand Cart
24:09 Loom
27:04 Gold Mining
27:34 Stone Mining
28:20 Gold Shaft Mining
30:27 Imperial Age
28:33 Forging
28:28 Scale Barding Armor
29:12 Stone Shaft Mining
30:05 Iron Casting
29:51 Chain Barding Armor
29:55 Ballistics
30:13 Husbandry
30:25 Bloodlines
30:22 Light Cavalry
32:17 Blast Furnace
31:52 Plate Barding Armor
32:20 Chemistry
32:20 Fletching
32:31 Padded Archer Armor
32:31 Scale Mail Armor
32:45 Masonry
32:07 Hussar
33:44 Conscription
33:31 Elite Konnik
34:12 Stirrups
35:06 Crop Rotation
37:35 Chain Mail Armor
37:15 Bodkin Arrow
37:36 Leather Archer Armor
37:43 Pikeman
38:09 Gambesons
38:24 Squires
38:09 Arson
39:19 Bracer
39:50 Plate Mail Armor
39:21 Halberdier
MLT | Bombad Gastald
2:29 Loom
10:50 Feudal Age
14:51 Castle Age
13:58 Horse Collar
14:06 Double-Bit Axe
16:02 Bow Saw
20:38 Heavy Plow
22:44 Wheelbarrow
27:01 Imperial Age
24:38 Fletching
24:48 Padded Archer Armor
25:24 Crossbowman
26:10 Thumb Ring
26:56 Ballistics
27:05 Gold Mining
27:23 Bodkin Arrow
27:45 Leather Archer Armor
28:19 Bracer
31:36 Chemistry
34:42 Hand Cart
34:12 Loom
35:55 Arbalester
我很牛逼
4:58 Loom
11:30 Feudal Age
15:41 Castle Age
14:03 Horse Collar
14:19 Double-Bit Axe
18:21 Bow Saw
26:07 Heavy Plow
28:18 Ballistics
31:39 Imperial Age
29:45 Wheelbarrow
29:21 Gold Mining
29:21 Stone Mining
31:05 Pikeman
31:45 Squires
31:31 Arson
33:06 Hand Cart
33:40 Forging
33:32 Scale Mail Armor
34:58 Chemistry
35:31 Two-Man Saw
35:37 Conscription
38:09 Gold Shaft Mining
37:25 Stone Mining
39:15 Chain Mail Armor
39:57 Elite Fire Lancer
40:22 Halberdier
42:29 Iron Casting
42:25 Plate Mail Armor
42:30 Iron Casting
42:26 Plate Mail Armor
42:46 Fortified Wall
Scar
10:11 Feudal Age
13:46 Castle Age
11:58 Double-Bit Axe
12:16 Horse Collar
20:38 Stone Mining
21:10 Bow Saw
21:40 Loom
22:00 Heavy Plow
24:09 Gold Mining
24:50 Fletching
26:07 Wheelbarrow
25:23 Loom
25:25 Town Watch
26:45 Gold Shaft Mining
26:44 Bodkin Arrow
27:48 Hand Cart
27:54 Padded Archer Armor
30:36 Imperial Age
29:11 Leather Archer Armor
29:04 Thumb Ring
29:32 Ballistics
29:40 Bloodlines
29:30 Husbandry
30:10 Kasbah
30:39 Elite Camel Archer
31:52 Conscription
31:56 Bracer
32:19 Maghrebi Camels
33:41 Chemistry
33:27 Masonry
32:58 Treadmill Crane
34:15 Ring Archer Armor
34:59 Caravan
35:51 Town Patrol
43:23 Siege Engineers
43:29 Fortified Wall
Sageata
10:48 Feudal Age
14:48 Castle Age
12:37 Double-Bit Axe
13:10 Horse Collar
16:08 Bow Saw
16:27 Heavy Plow
21:58 Wheelbarrow
23:54 Hand Cart
24:41 Gold Mining
24:42 Stone Mining
25:01 Loom
28:17 Imperial Age
26:10 Scale Mail Armor
27:24 Squires
26:45 Pikeman
28:11 Chain Mail Armor
28:07 Forging
28:55 Gold Shaft Mining
28:41 Onager
31:14 Chemistry
30:35 Ballistics
30:24 Halberdier
32:48 Plate Mail Armor
32:54 Iron Casting
32:50 Heavy Scorpion
34:05 Conscription
34:16 Town Watch
36:49 Fletching
37:00 Padded Archer Armor
37:49 Elite Skirmisher
38:26 Bodkin Arrow
39:32 Blast Furnace
41:23 Druzhina
43:32 Two-Man Saw
Mknolix
10:24 Feudal Age
14:24 Castle Age
12:28 Double-Bit Axe
12:45 Loom
15:14 Wheelbarrow
14:21 Horse Collar
15:40 Bow Saw
21:41 Scale Mail Armor
25:30 Squires
29:03 Imperial Age
27:40 Gambesons
27:49 Arson
28:38 Hand Cart
28:43 Chain Mail Armor
29:08 Man-at-Arms
30:03 Heavy Plow
30:30 Gold Mining
30:30 Stone Mining
30:37 Long Swordsman
31:27 Treadmill Crane
31:59 Masonry
32:22 Plate Mail Armor
31:40 Capped Ram
32:18 Pikeman
33:31 Forging
32:46 Two-Handed Swordsman
33:33 Halberdier
34:55 Champion
36:15 Town Watch
37:14 Fereters
37:51 Capped Ram
38:55 Conscription
40:10 Onager
42:28 Iron Casting
43:18 Chemistry
44:21 Blast Furnace
kqq
10:27 Feudal Age
11:37 Loom
14:07 Castle Age
12:25 Horse Collar
12:36 Double-Bit Axe
16:02 Wheelbarrow
20:20 Heavy Plow
20:36 Bow Saw
23:49 Gold Mining
24:09 Loom
25:21 Bloodlines
25:20 Scale Barding Armor
26:48 Hand Cart
27:04 Chain Barding Armor
29:57 Forging
32:47 Imperial Age
33:02 Iron Casting
32:55 Ballistics
33:49 Conscription
32:58 Cavalier
34:17 Plate Barding Armor
35:01 Blast Furnace
34:31 Paladin
34:41 Pikeman
35:21 Squires
35:46 Fletching
36:57 Chemistry
37:05 Bodkin Arrow
39:26 Capped Ram
42:04 Caravan
43:17 Two-Man Saw
42:04 Town Watch
43:10 Siege Engineers
42:50 Halberdier
Connection lost

Rejoining the realm…

Still unreachable

The connection could not be restored.

Session expired

The server has moved on; the page needs a fresh start.